 Dungeon Crawl Stone Soup version 0.29-a0-409-gd843f3a48c (webtiles) character file.

Game seed: 5425473003690010657

179 bande the Chopper (level 5, -9/47 HPs)
             Began as a Hill Orc Fighter on May 13, 2022.
             Mangled by Crazy Yiuf
             ... wielding a +4 quarterstaff of chaos
              (13 damage)
             ... on level 3 of the Dungeon.
             The game lasted 00:04:50 (3835 turns).

bande the Chopper (Hill Orc Fighter)                Turns: 3835, Time: 00:04:51

Health: -9/47      AC:  9    Str: 19    XL:     5   Next: 59%
Magic:  5/5        EV: 14    Int:  8    God:
Gold:   144        SH:  0    Dex: 12    Spells: 4/4 levels left

rFire   . . .      SeeInvis .   a - +1 war axe
rCold   . . .      Faith    .   c - +0 buckler
rNeg    . . .      Spirit   .   b - +0 scale mail
rPois   .          Reflect  .   l - +0 helmet
rElec   .          Harm     .   (no cloak)
rCorr   .          Rampage  .   (no gloves)
Will    .....                   h - +0 pair of boots
Stlth   ..........              (no amulet)
HPRegen 0.15/turn               (no ring)
MPRegen 0.09/turn               (no ring)

@: confused, mighty, agile, lethally poisoned (-9 -> -17), ambrosia-drunk
A: no striking features
a: no special abilities


You were on level 3 of the Dungeon.
You visited 1 branch of the dungeon, and saw 3 of its levels.

You collected 144 gold pieces.

Inventory:

Hand Weapons
 a - a +1 war axe (weapon)
 p - a +0 flail
Armour
 b - a +0 scale mail (worn)
 c - a +0 buckler (worn)
 h - a +0 pair of boots (worn)
 l - a +0 helmet (worn)
Wands
 o - a wand of acid (9)
Scrolls
 i - a scroll of teleportation
 j - a scroll of amnesia
 m - 3 scrolls of identify
Potions
 d - 4 potions of might
 e - 2 potions of ambrosia
 f - 2 potions of flight {unknown}
 g - a potion of brilliance {unknown}
 k - 2 potions of curing {unknown}
 n - 3 potions of attraction {unknown}


   Skills:
 + Level 4.4 Fighting
 + Level 5.5 Axes
 + Level 4.4 Armour
 + Level 3.7 Shields


You had 4 spell levels left.
You didn't know any spells.
Your spell library was empty.

Dungeon Overview and Level Annotations

Branches:
Dungeon (3/15)

Altars:

Shops:
D:2 *

Annotations:
D:3 Crazy Yiuf


Message History

Things that are here:
a +0 short sword; an orc corpse You see here a +0 buckler.
Crazy Yiuf grits, "Liver horse foot!"
Could not explore, unopened runed door.
You open the door. You barely miss Crazy Yiuf.
Crazy Yiuf grits, "Trifle!
Gnoll pontify action."
Crazy Yiuf barely misses you.
You barely miss Crazy Yiuf.
Crazy Yiuf hits you with a +4 quarterstaff of chaos!
Crazy Yiuf freezes you.
Crazy Yiuf hits you with a +4 quarterstaff of chaos!
Crazy Yiuf freezes you.
You closely miss Crazy Yiuf. You block Crazy Yiuf's attack.
You hit Crazy Yiuf.
Crazy Yiuf is lightly wounded.
You block Crazy Yiuf's attack.
You hit Crazy Yiuf.
Crazy Yiuf is moderately wounded.
Crazy Yiuf hits you with a +4 quarterstaff of chaos!
* * * LOW HITPOINT WARNING * * *
You feel very mighty all of a sudden.
Crazy Yiuf hits you with a +4 quarterstaff of chaos.
* * * LOW HITPOINT WARNING * * *
You feel agile all of a sudden.
You slash Crazy Yiuf!
Crazy Yiuf is severely wounded.
Crazy Yiuf laughs, "Lay stair high!"
Crazy Yiuf hits you with a +4 quarterstaff of chaos.
* * * LOW HITPOINT WARNING * * *
You are lethally poisoned!
Crazy Yiuf misses you.
Unknown command.
You are confused.
You feel invigorated.
* * * LOW HITPOINT WARNING * * *
You feel very sick.
Crazy Yiuf hits you with a +4 quarterstaff of chaos!
You die...

######## ###### ##....#.### ###
#....# ##......#..##...# #....#
######......####@g...# #....####
...........## ###..)# #.....#..
........#### ### #........
........# #........ ........#
#........
#####..##################........
##...................#.......
##............#...#......... ###
##...........#.#.....[.....


You could see Crazy Yiuf.

Vanquished Creatures
  Jessica (D:3)
  Robin (D:1)
  4 gnolls
  A worm (D:3)
  5 dart slugs
  3 orcs (D:3)
  5 ball pythons
  13 endoplasms
  2 giant cockroaches
  10 goblins
  8 hobgoblins
  3 jackals (D:1)
  4 quokkas
  6 bats
  3 frilled lizards (D:1)
  5 kobolds
  11 rats
85 creatures vanquished.

Notes
Turn   | Place    | Note
-------+----------+-------------------------------------------
     0 | D:1      | bande the Hill Orc Fighter began the quest for the Orb.
     0 | D:1      | Reached XP level 1. HP: 19/19 MP: 1/1
    19 | D:1      | Reached skill level 3 in Axes
   163 | D:1      | Reached XP level 2. HP: 25/27 MP: 2/2
   649 | D:1      | Reached XP level 3. HP: 30/33 MP: 3/3
   849 | D:1      | Found a faded altar of an unknown god.
   974 | D:1      | Reached skill level 4 in Axes
  1337 | D:2      | Noticed Robin
  1363 | D:1      | Killed Robin
  1364 | D:1      | Reached XP level 4. HP: 40/40 MP: 4/4
  1975 | D:2      | Found Ofelosay's General Store.
  2789 | D:3      | Found a runed translucent door.
  2790 | D:3      | Noticed Crazy Yiuf
  2838 | D:2      | Reached skill level 5 in Axes
  2838 | D:2      | Reached XP level 5. HP: 8/46 MP: 5/5
  3721 | D:3      | Noticed Jessica
  3735 | D:3      | Killed Jessica
  3834 | D:3      | HP: 2/47 [Crazy Yiuf/+4 quarterstaff of chaos (2)]
  3835 | D:3      | Mangled by Crazy Yiuf

Illustrated notes

Levels and vault maps discovered:
D:1:      shiori_arrival_maze, layout_basic, ebering_ecumenical_altar_rust,
          minmay_hexomino_c4
D:2:      minmay_diamond_boxcup, layout_loops_ring, serial_shops,
          nicolae_shop_hallway_stairs, uniq_robin
D:3:      layout_rooms, kennysheep_generic_room_10, uniq_crazy_yiuf_cottage,
          uniq_jessica

Skill      XL: |  1  2  3  4 |
---------------+-------------+-----
Axes           | 3 4 5 |  5.5
Fighting       | 4 |  4.4
Armour         | 4 |  4.4
Shields        | |  3.7

Action                   |  1- 3 |  4- 6 || total
-------------------------+-------+-------++-------
Melee: War axe           |   112 |   101 ||   213
  Use: Scroll            |       |     5 ||     5
       Potion            |       |     2 ||     2
Armor: Scale mail        |    46 |    51 ||    97
Dodge: Dodged            |    49 |    40 ||    89
Block: Buckler           |    31 |    31 ||    62

Table legend: (Time is in decaauts)
 A = Elapsed time spent in this place.
 B = Non-inter-level travel time spent in this place.
 C = Inter-level travel time spent in this place.
 D = Time resting spent in this place.
 E = Time spent auto-exploring this place.
 F = Levels seen in this place.
 G = Mean time per level.
                   A        B        C        D        E       F      G
               +--------+--------+--------+--------+--------+-----+--------+
         Total |   3915 |   3858 |     57 |    902 |   2312 |   3 | 1305.0 |
       Dungeon |   3915 |   3858 |     57 |    902 |   2312 |   3 | 1305.0 |
               +--------+--------+--------+--------+--------+-----+--------+

Top non-repeatable levels by time:
     D:2: 1674 daAuts
     D:1: 1594 daAuts
     D:3: 645 daAuts
